 Dungeon Crawl Stone Soup version 0.22-a0-197-g4ac3794 (webtiles) character file.

1092 Lapis the Digger (level 8, -8/46 HPs)
             Began as an Octopode Earth Elementalist on Feb 17, 2018.
             Was a Follower of Cheibriados.
             Mangled by an orc warrior
             ... wielding a +0 flail
              (9 damage)
             ... on level 5 of the Dungeon.
             The game lasted 00:10:31 (4170 turns).

Lapis the Digger (Octopode Earth Elementalist)      Turns: 4170, Time: 00:10:32

Health: -8/46      AC:  1    Str:  9    XL:     8   Next: 31%
Magic:  1/15       EV: 14    Int: 22    God:    Cheibriados [*.....]
Gold:   160        SH:  0    Dex: 14    Spells: 2/17 levels left

rFire    . . .     SeeInvis .   g - +3 dagger
rCold    . . .     Gourm    .   (no shield)
rNeg     . . .     Faith    .   (helmet restricted)
rPois    .         Spirit   .   (no amulet)
rElec    .         Reflect  .   (no ring)
rCorr    .         Harm     .   (no ring)
MR       .....                  (no ring)
Stlth    +++.......             (no ring)
HPRegen  0.15/turn              (no ring)
MPRegen  0.14/turn              (no ring)
                                (no ring)
                                (no ring)

@: very slow
A: almost no armour, stealthy swim, amphibious, 8 rings, constrict 8, camouflage
1, gelatinous body 1
a: Bend Time, Renounce Religion


You were on level 5 of the Dungeon.
You worshipped Cheibriados.
Cheibriados was aware of your devotion.
You were hungry.

You visited 1 branch of the dungeon, and saw 6 of its levels.

You collected 160 gold pieces.

Inventory:

Hand Weapons
 g - a +3 dagger (weapon)
Missiles
 b - 162 stones (quivered)
Armour
 o - a +0 buckler
Wands
 r - a wand of disintegration (13)
Scrolls
 h - 2 scrolls of teleportation {unknown}
 i - 2 scrolls of identify
 j - 3 scrolls of immolation {unknown}
 k - a scroll of fear {unknown}
 l - a scroll of amnesia {unknown}
 m - 4 scrolls of remove curse
 n - 2 scrolls of blinking {unknown}
 t - a scroll of enchant weapon {unknown}
Potions
 f - 2 potions of brilliance
 p - a potion of cancellation
 q - a potion of ambrosia
Books
 d - a book of Geomancy

   Spells                             Type                      Level
   a - Sandblast                      Earth                        1
   b - Passwall                       Transmutation/Earth          2
   c - Stone Arrow                    Conjuration/Earth            3
   d - Petrify                        Transmutation/Earth          4
   e - Lee's Rapid Deconstruction     Earth                        5
Comestibles
 c - 3 rations
 s - a chunk of flesh


   Skills:
 + Level 3.1 Dodging
 - Level 2.6 Stealth
 + Level 5.3 Spellcasting
 * Level 3.6 Conjurations
 + Level 1.0 Transmutations
 + Level 6.4 Earth Magic
 * Level 2.4 Invocations


You had 2 spell levels left.
You knew the following spells:

 Your Spells              Type           Power        Failure   Level  Hunger
a - Sandblast             Erth           ####..       1%          1    None
b - Passwall              Tmut/Erth      ###.......   3%          2    None
c - Stone Arrow           Conj/Erth      ####..       3%          3    ##.....
d - Petrify               Tmut/Erth      ###.....     21%         4    ####...
e - Lee's Rapid Deconstr  Erth           ####......   19%         5    #####..


Dungeon Overview and Level Annotations

Branches:
Dungeon (6/15)
 Temple: D:4-7

Altars:
Ashenzari
Cheibriados
Dithmenos
Fedhas
Gozag
Sif Muna
Trog
Xom
The Shining One

Shops:
D:5 (   D:6 (*


Innate Abilities, Weirdness & Mutations

You cannot wear most types of armour.
You are very stealthy in the water. (Stealth+)
You are amphibious.
You can wear up to eight rings at the same time.
You can use your tentacles to constrict eight enemies at once.
Your skin changes colour to match your surroundings (Stealth+).
Your rubbery body absorbs attacks. (AC +1, EV +1)


Message History

Unknown command.
Casting: Lee's Rapid Deconstruction (quite dangerous; 19% risk of failure)
Confirm with . or Enter, or press ? or * to list all spells.
Okay, then.
Okay, then.
Okay, then.
You feel better. The worker ant completely misses you.
The orc warrior hits you with a flail!
* * * LOW HITPOINT WARNING * * *
Unknown command.
Casting: Lee's Rapid Deconstruction (quite dangerous; 19% risk of failure)
Confirm with . or Enter, or press ? or * to list all spells.
Aiming: Sandblast (safe; 1% risk of failure)
Press: ? - help, Shift-Dir - straight line, f - worker ant
Aim: a worker ant The blast of sand hits the worker ant.
The worker ant is almost dead.
b - 162 stones The worker ant barely misses you.
The orc warrior hits you with a flail!
You die...

##### #...# #...#######
#...##....#
##...##....#
.....##....###########
................@a...#
.....#.....####o######
.....#.##### #.#....###
##...#.# #.#......#
#...#.# #.####.#.#
#...#.########......#.#
#####.#........######.#
#### #.#........# #.#
...#########....# #.#


You could see an orc warrior and a worker ant.

Vanquished Creatures
  Sigmund (D:3)
  Edmund (D:6)
  An ice beast (D:5)
  An orc warrior (D:6)
  A phantom (D:4)
  An ogre (D:4)
  A bullfrog (D:6)
  A jelly (D:5)
  A wight (D:6)
  2 orc priests (D:6)
  An iguana (D:5)
  2 orc wizards (D:6)
  A worker ant zombie (D:5)
  3 gnolls (D:6)
  7 adders
  2 shadow imps (D:5)
  An adder skeleton (D:4)
  A worm (D:6)
  A dart slug (D:1)
  A leopard gecko (D:6)
  7 orcs
  2 bats
  6 giant cockroaches (D:1)
  2 goblins (D:1)
  3 hobgoblins
  2 jackals (D:3)
  A quokka (D:2)
  A ball python (D:4)
  5 frilled lizards
  4 kobolds
  A quokka skeleton (D:4)
  4 rats
69 creatures vanquished.

Notes
Turn   | Place    | Note
-------+----------+-------------------------------------------
     0 | D:1      | Lapis the Octopode Earth Elementalist began the quest for the Orb.
     0 | D:1      | Reached XP level 1. HP: 11/11 MP: 3/3
    97 | D:1      | Reached XP level 2. HP: 17/17 MP: 5/5
   338 | D:1      | Reached XP level 3. HP: 17/21 MP: 6/6
   342 | D:1      | Learned a level 2 spell: Passwall
   346 | D:1      | Learned a level 3 spell: Stone Arrow
  1126 | D:2      | Found a deep blue altar of Sif Muna.
  1142 | D:2      | Found a shadowy altar of Dithmenos.
  1233 | D:2      | Reached skill level 4 in Earth Magic
  1234 | D:2      | Found a shimmering altar of Xom.
  1365 | D:3      | Reached XP level 4. HP: 27/27 MP: 7/7
  1635 | D:3      | Noticed Sigmund
  1643 | D:3      | Killed Sigmund
  1643 | D:3      | Reached skill level 1 in Conjurations
  1643 | D:3      | Reached XP level 5. HP: 20/31 MP: 4/9
  2052 | D:4      | Learned a level 4 spell: Petrify
  2116 | D:4      | Reached XP level 6. HP: 36/36 MP: 7/10
  2159 | D:4      | Reached skill level 5 in Earth Magic
  2166 | D:4      | Found a shattered altar of Ashenzari.
  2438 | D:4      | Found a snail-covered altar of Cheibriados.
  2443 | D:4      | Noticed a phantom
  2454 | D:4      | Killed a phantom
  2487 | D:4      | Became a worshipper of Cheibriados the Contemplative
  2531 | D:4      | Found an opulent altar of Gozag.
  2531 | D:4      | Found a glowing golden altar of the Shining One.
  2648 | D:5      | Entered Level 5 of the Dungeon
  2648 | D:5      | Found Dukos's Antique Weapon Shoppe.
  2692 | D:5      | Noticed an ice beast
  2697 | D:5      | Killed an ice beast
  2697 | D:5      | Reached skill level 1 in Invocations
  2697 | D:5      | Reached XP level 7. HP: 33/41 MP: 6/13
  3145 | D:5      | Found a blossoming altar of Fedhas.
  3264 | D:6      | Found a bloodstained altar of Trog.
  3264 | D:6      | Noticed Edmund
  3277 | D:6      | Killed Edmund
  3277 | D:6      | Reached skill level 6 in Earth Magic
  3505 | D:5      | Learned a level 5 spell: Lee's Rapid Deconstruction
  3533 | D:6      | Found Doelel's Assorted Antiques.
  3542 | D:6      | Found Bamim's Weapon Emporium.
  3546 | D:6      | Reached XP level 8. HP: 43/46 MP: 11/15
  3866 | D:5      | Reached * piety under Cheibriados
  3867 | D:5      | Reached skill level 5 in Spellcasting
  4169 | D:5      | HP: 1/46 [orc warrior/flail (11)]
  4170 | D:5      | Mangled by an orc warrior

Vault maps used:
D:1:      dpeg_arrival_round_b, minmay_misc_feat_columns, st_stairs_13
D:2:      led_sif_pool, lemuel_coloured_pillars_altar, grunt_dithmenos_smoke,
          hex_large, minmay_pentomino_x2
D:3:      uniq_sigmund
D:4:      amethyst_overflow_temple_binary, old_standard_altar,
          lemuel_statue_altar
D:5:      fedhas_altar_fruit_tree, serial_shops, nicolae_shop_trees,
          first_ration, kennysheep_generic_room_15
D:6:      lemuel_crystal_altar, kennysheep_mini,
          minmay_temple_entry_glassed_door, serial_shops, shop_statue,
          nicolae_shop_behind_doors, shop, st_stairs_3, uniq_edmund, uniq_pikel

Skill      XL: |  1  2  3  4  5  6  7  8 |
---------------+-------------------------+-----
Earth Magic    | 4 5 6 |  6.4
Spellcasting   | 3 4 5 |  5.3
Conjurations   | 1 2 3 |  3.6
Dodging        | 3 |  3.1
Invocations    | 1 2 |  2.4
Stealth        | |  2.6
Transmutations | |  1.0

Action                   |  1- 3 |  4- 6 |  7- 9 || total
-------------------------+-------+-------+-------++-------
Melee: Dagger            |    35 |     7 |    12 ||    54
       Constrict         |     4 |     1 |     3 ||     8
       Tentacles         |     5 |     1 |     3 ||     9
 Cast: Sandblast         |     6 |    31 |    53 ||    90
       Passwall          |       |     2 |     1 ||     3
       Stone Arrow       |       |     2 |       ||     2
       Lee's Rapid Decon |       |       |     4 ||     4
       Petrify           |       |       |     1 ||     1
  Use: Scroll            |       |     3 |     3 ||     6
       Potion            |       |     1 |     2 ||     3
 Stab: Sleeping          |    16 |     3 |       ||    19
       Petrified         |       |       |     1 ||     1
  Eat: Chunk             |     1 |     1 |     3 ||     5
       Ration            |       |     1 |     1 ||     2
Armor: Skin              |     3 |     2 |     1 ||     6
Dodge: Dodged            |    14 |     9 |    43 ||    66

Table legend:
 A = Spawn XP
 B = Non-spawn XP
 C = Spawn XP percentage of total XP
 D = Spawn monster count
 E = Non-spawn monster count
 F = Spawn count percentage of total count
 G = Total turns spent on level
                    A         B        C        D         E        F      G
               +---------+---------+-------+---------+---------+-------+---------
         Total |       0 |    1561 |   0.0 |       0 |      69 |   0.0 |  4170
               +---------+---------+-------+---------+---------+-------+---------
           D:1 |       0 |      34 |   0.0 |       0 |      19 |   0.0 |   590
           D:2 |       0 |      46 |   0.0 |       0 |       8 |   0.0 |  1027
           D:3 |       0 |     223 |   0.0 |       0 |       7 |   0.0 |   402
           D:4 |       0 |     270 |   0.0 |       0 |       7 |   0.0 |   629
           D:5 |       0 |     300 |   0.0 |       0 |      10 |   0.0 |  1293
           D:6 |       0 |     688 |   0.0 |       0 |      18 |   0.0 |   229
               +---------+---------+-------+---------+---------+-------+---------
